Map: Daybreak LE (Void)

Players

Zanster - Winner!

  • Race: Zerg Zerg
  • Spawn Location: 7:00

Semper

  • Race: Terran Terran
  • League: Grandmaster
  • Spawn Location: 1:00

Event: NationWars IV

VOD

Have the link to the VOD?

Description

Time

  • Played on: Jan. 4, 2017, 1:07 p.m.
  • Length: 16:05
Show
View Real Time Build Order
Export as new Build Order

Zanster Zerg - Winner!

Build Orders: Hatch First, Muta Ling Bane 

Get SALT Encoding   

  12  0:01  Drone  
  13  0:13  Overlord  
  13  0:18  Drone  
  14  0:31  Drone x2  
  14  0:35  Drone  
  17  0:53  Hatchery  
  17  0:55  Drone  
  17  0:58  Drone  
  18  1:09  Extractor  
  17  1:13  Spawning Pool  
  17  1:16  Drone  
  17  1:20  Drone  
  18  1:28  Drone  
  19  1:40  Overlord  
  19  2:00  Queen  
  21  2:01  Zergling x4  
  21  2:05  Queen  
  21  2:06  Zergling x2  
  26  2:09  Metabolic Boost  
  26  2:13  Drone  
  26  2:15  Drone  
  29  2:22  Drone  
  29  2:27  Drone  
  30  2:33  Drone  
  32  2:37  Drone  
  32  2:41  Queen  
  34  2:44  Overlord  
  34  2:47  Pneumatized Carapace  
  34  2:51  Drone  
  35  2:57  Overlord  
  35  2:59  Drone  
  35  3:05  Drone  
  37  3:10  Drone  
  39  3:12  Drone  
  39  3:13  Drone x3  
  39  3:14  Drone  
  39  3:16  Drone  
  44  3:20  Drone  
  44  3:27  Drone  
  45  3:34  Hatchery  
  45  3:36  Drone  
  45  3:40  Queen  
  47  3:43  Queen  
  47  3:47  Drone  
  50  3:48  Overlord  
  50  3:52  Extractor, Drone  
  50  3:53  Drone  
  51  3:59  Overlord  
  51  4:01  Drone  
  51  4:08  Drone x4  
  55  4:13  Overlord  
  55  4:24  Queen  
  55  4:26  Lair, Drone  
  55  4:27  Drone x2  
  55  4:29  Zergling x6  
  63  4:32  Zergling x2  
  64  4:38  Zergling x2  
  64  4:42  Overlord  
  65  4:49  Queen  
  65  4:50  Zergling x2  
  65  4:51  Zergling x2  
  69  4:54  Zergling x2  
  69  4:55  Zergling x6  
  69  4:58  Extractor  
  69  4:59  Zergling x6  
  77  5:00  Zergling x4  
  77  5:02  Queen  
  78  5:07  Overlord  
  78  5:10  Zergling x2  
  79  5:15  Zergling x2  
  80  5:22  Baneling Nest  
  80  5:23  Zergling x10  
  80  5:27  Spire  
  83  5:35  Overlord  
  83  5:42  Drone x8  
  89  5:43  Extractor  
  89  5:47  Drone, Evolution Chamber  
  89  5:48  Drone  
  89  5:49  Drone x2, Evolution Chamber  
  90  5:50  Drone  
  90  5:52  Drone  
  90  5:54  Overseer  
  92  6:01  Zergling x4  
  94  6:06  Centrifical Hooks, Baneling x5  
  93  6:11  Extractor  
  93  6:15  Zerg Melee Weapons Level 1, Zergling x4, Zerg Ground Armor Level 1  
  93  6:16  Zergling x2  
  95  6:22  Zergling x6  
  95  6:23  Zergling x4  
  95  6:25  Zergling x4  
  101  6:30  Drone  
  104  6:33  Overlord x2  
  104  6:34  Drone  
  104  6:35  Drone  
  104  6:36  Overlord  
  106  6:47  Overlord  
  106  6:48  Overlord  
  106  6:57  Mutalisk x4  
  112  7:02  Mutalisk  
  112  7:08  Extractor  
  113  7:09  Extractor  
  113  7:10  Drone x9  
  119  7:16  Mutalisk  
  119  7:22  Overlord  
  121  7:24  Zergling x10  
  121  7:26  Baneling x5  
  125  7:34  Zergling x10  
  130  7:37  Overlord  
  130  7:44  Overlord x2  
  130  7:48  Overlord  
  130  7:53  Zerg Flyer Weapons Level 1  
  130  7:57  Mutalisk  
  130  7:58  Mutalisk x2, Hatchery  
  134  8:03  Mutalisk  
  137  8:09  Drone x7  
  137  8:12  Drone  
  143  8:21  Overlord  
  143  8:22  Zerg Melee Weapons Level 2  
  143  8:24  Zerg Ground Armor Level 2  
  143  8:25  Zergling x2  
  143  8:26  Zergling x6  
  141  8:37  Mutalisk x2  
  141  8:39  Zergling x2  
  141  8:40  Zergling x12  
  152  8:50  Baneling  
  152  8:51  Baneling x8  
  151  8:56  Zergling x14  
  151  8:59  Overseer  
  151  9:01  Mutalisk, Hatchery  
  159  9:04  Overlord  
  157  9:11  Drone x3  
  157  9:12  Queen  
  157  9:13  Drone  
  163  9:25  Overseer  
  163  9:26  Zergling x24  
  163  9:28  Baneling  
  163  9:29  Baneling x6  
  175  9:38  Zergling x2  
  175  9:40  Overlord  
  175  9:41  Overlord, Baneling  
  175  9:42  Baneling x6  
  173  9:49  Baneling  
  173  9:50  Baneling x9  
  173  9:52  Zergling x2  
  170  9:53  Zergling x10  
  170  9:57  Overlord  
  174  10:07  Zergling x26  
  154  10:16  Mutalisk x4  
  154  10:21  Drone x4  
  160  10:30  Mutalisk x2  
  164  10:39  Zerg Flyer Armor Level 1  
  164  10:46  Zergling x24  
  176  10:53  Baneling  
  176  10:54  Baneling x8  
  176  11:05  Overlord  
  166  11:14  Drone x7  
  166  11:16  Mutalisk  
  166  11:17  Mutalisk x2  
  175  11:20  Zergling x10  
  175  11:21  Zergling x6  
  175  11:22  Baneling x4  
  183  11:26  Extractor  
  183  11:31  Zergling x2  
  183  11:32  Zergling x22  
  188  11:42  Baneling x10  
  177  11:49  Zergling x2  
  177  11:50  Zergling x20  
  175  12:04  Zergling x16  
  184  12:10  Drone x4  
  183  12:17  Drone x3  
  183  12:20  Baneling x8  
  187  12:27  Zergling x6  
  187  12:28  Zergling x2  
  187  12:38  Zerg Flyer Weapons Level 2, Overlord  
  187  12:39  Infestation Pit  
  185  12:44  Zergling x6  
  185  12:45  Zergling x16  
  173  13:01  Drone  
  173  13:02  Drone x6  
  174  13:09  Zergling x6  
  168  13:21  Mutalisk x5  
  168  13:24  Zergling x8  
  168  13:26  Hive  
  182  13:29  Zergling x2  
  182  13:30  Zergling x4  
  182  13:33  Baneling x5  
  182  13:34  Baneling x2  
  171  13:41  Baneling x5  
  171  13:42  Baneling  
  171  13:48  Zergling x26  
  181  13:54  Zergling x2  
  181  13:55  Zergling x8  
  186  13:56  Baneling  
  186  13:57  Baneling x9  
  184  14:05  Zergling x2  
  184  14:06  Zergling x8  
  184  14:07  Baneling x7  
  184  14:08  Baneling x8  
  187  14:10  Hatchery  
  157  14:21  Zergling x18  
  151  14:32  Queen  
  151  14:34  Zergling x2  
  151  14:35  Zergling x12  
  160  14:41  Mutalisk x2  
  156  14:47  Zergling x2  
  156  14:48  Zergling x2  
  150  14:53  Zergling x8  
  151  15:01  Overseer  
  142  15:10  Mutalisk x6  
  148  15:19  Zergling x12  
  153  15:24  Baneling x4  
  153  15:27  Zergling x6  
  153  15:31  Zergling x6  
  147  15:41  Baneling x13  
  147  15:44  Zergling x2  
Show
View Real Time Build Order
Export as new Build Order

Semper Terran 

Build Orders: Reaper Expand, MMM Bio 

Get SALT Encoding   

  12  0:00  SCV  
  13  0:12  SCV  
  14  0:18  Supply Depot  
  14  0:24  SCV  
  15  0:39  SCV  
  15  0:41  Barracks  
  16  0:45  Refinery  
  16  0:51  SCV  
  17  1:03  SCV  
  18  1:15  SCV  
  19  1:28  Orbital Command, Reaper  
  20  1:42  Command Center  
  20  1:53  SCV  
  21  1:55  Barracks  
  21  2:01  Barracks Reactor  
  21  2:05  SCV  
  22  2:11  Supply Depot  
  22  2:16  Refinery  
  22  2:19  SCV  
  23  2:27  Factory  
  23  2:32  SCV  
  24  2:38  Marine x2  
  24  2:43  Barracks Tech Lab  
  26  2:45  SCV  
  27  2:54  Orbital Command  
  27  2:57  SCV  
  28  3:01  Marine x2  
  30  3:07  Marine, Stimpack  
  30  3:11  SCV  
  32  3:19  Starport  
  32  3:23  Factory Reactor, SCV  
  32  3:26  SCV  
  34  3:29  Marine  
  34  3:31  Marine  
  36  3:36  SCV  
  36  3:39  Supply Depot  
  36  3:40  SCV  
  38  3:45  Marine  
  38  3:47  Marine  
  40  3:48  Marine, SCV  
  40  3:53  SCV  
  43  3:56  Supply Depot  
  43  4:01  SCV  
  44  4:04  Supply Depot  
  44  4:05  SCV  
  44  4:08  Marine x2  
  47  4:12  Medivac  
  47  4:13  SCV  
  47  4:15  Medivac  
  52  4:19  Marine  
  52  4:22  SCV  
  54  4:26  SCV  
  54  4:28  Supply Depot  
  54  4:29  Marine x2  
  57  4:31  Engineering Bay  
  57  4:35  SCV  
  57  4:36  Engineering Bay  
  57  4:37  Marine  
  59  4:44  Medivac  
  63  4:47  Marine x2  
  63  4:50  SCV x2  
  65  4:55  Marine  
  65  4:57  Supply Depot  
  65  4:59  Terran Infantry Weapons Level 1  
  66  5:02  Terran Infantry Armor Level 1  
  66  5:03  SCV  
  66  5:04  Marine, SCV  
  66  5:05  Marine  
  70  5:12  Marine  
  71  5:15  SCV  
  72  5:22  Marine, Command Center, Supply Depot  
  72  5:25  SCV  
  72  5:26  Marine  
  72  5:27  SCV  
  76  5:29  Combat Shields  
  76  5:35  Liberator  
  76  5:39  SCV  
  76  5:40  Marine x2  
  79  5:48  SCV  
  79  5:49  Marine  
  80  5:50  Factory Reactor  
  80  5:53  SCV  
  80  5:55  Refinery  
  80  5:56  Barracks  
  84  5:57  Refinery  
  84  5:58  Marine  
  84  5:59  Supply Depot  
  84  6:02  Marine  
  86  6:07  Marine  
  86  6:08  Liberator  
  87  6:14  Barracks, SCV  
  87  6:15  Marine  
  87  6:17  Barracks  
  89  6:22  Marine, SCV  
  89  6:25  Marine  
  92  6:26  Supply Depot  
  92  6:32  Supply Depot  
  95  6:36  Armory  
  95  6:38  Orbital Command  
  95  6:42  Marine  
  96  6:47  SCV  
  96  6:48  Supply Depot  
  96  6:49  SCV  
  96  6:50  Factory Reactor  
  98  6:58  Marine  
  98  7:00  Marine x2  
  101  7:01  Medivac  
  101  7:05  Marine  
  104  7:08  Medivac  
  104  7:09  Marine  
  104  7:13  Barracks Reactor  
  104  7:15  Supply Depot  
  107  7:21  Marine  
  108  7:24  SCV x2  
  108  7:26  Marine x2  
  108  7:29  Marine  
  113  7:31  Terran Infantry Weapons Level 2, Medivac  
  113  7:34  Supply Depot  
  113  7:35  Marine x2  
  117  7:40  Orbital Command  
  117  7:41  Marine  
  117  7:44  Marine, Medivac  
  118  7:47  Missile Turret  
  118  7:48  Bunker  
  121  7:52  SCV  
  121  7:54  Missile Turret  
  121  7:55  Marine  
  121  7:56  Marine  
  124  7:59  Barracks Reactor  
  124  8:02  SCV  
  125  8:09  SCV  
  125  8:12  SCV  
  124  8:14  SCV  
  124  8:17  Liberator x2  
  124  8:18  Marine  
  126  8:22  Marine  
  126  8:23  Terran Infantry Armor Level 2  
  126  8:25  Marine  
  126  8:26  Marine  
  129  8:27  Marine x2  
  129  8:28  Marine  
  129  8:33  Widow Mine x2  
  138  8:36  Marine  
  138  8:38  SCV x2  
  138  8:39  Supply Depot  
  138  8:40  SCV  
  145  8:41  Supply Depot  
  145  8:42  Marine  
  145  8:45  Marine  
  145  8:46  Marine x5  
  149  8:50  SCV  
  150  8:57  Refinery  
  150  8:58  Factory  
  150  8:59  Missile Turret, Liberator  
  150  9:01  Widow Mine x2  
  150  9:02  Supply Depot  
  154  9:04  Supply Depot  
  154  9:07  Marine  
  154  9:08  Marine  
  156  9:14  Terran Ship Weapons Level 1  
  156  9:15  Marine x4  
  163  9:18  Marine  
  163  9:19  Marine x2  
  166  9:25  Marine x2  
  166  9:30  Widow Mine x2  
  172  9:33  Marine x3  
  172  9:34  Marine  
  176  9:39  Marine  
  175  9:48  Marine  
  175  9:49  Marine x2  
  175  9:50  Marine x2  
  175  9:51  Marine x2  
  179  9:53  Orbital Command  
  179  9:55  Factory Tech Lab  
  179  9:57  Marine  
  179  9:58  Widow Mine x2  
  183  10:01  Marine  
  183  10:06  Marine, SCV  
  175  10:07  Marine x2  
  175  10:13  Liberator  
  175  10:14  Liberator  
  156  10:15  SCV  
  156  10:18  Command Center, Marine, SCV  
  148  10:23  SCV  
  148  10:27  Marine, SCV  
  148  10:28  Widow Mine x2  
  149  10:30  SCV  
  149  10:34  Marine x7  
  149  10:35  SCV  
  168  10:39  Supply Depot x2, SCV  
  169  10:45  Bunker  
  169  10:50  Marine x2  
  169  10:52  Marine x2  
  169  10:54  Terran Infantry Weapons Level 3  
  173  10:59  Marine  
  174  11:06  Liberator x2  
  174  11:07  Marine x2  
  174  11:09  SCV  
  174  11:10  SCV x2  
  167  11:20  Marine  
  167  11:21  SCV  
  167  11:22  Marine  
  176  11:26  Terran Infantry Armor Level 3  
  176  11:28  Widow Mine  
  170  11:41  Marine  
  170  11:44  Marine  
  170  11:46  Marine  
  165  11:47  Marine x3  
  165  11:51  Marine  
  156  11:56  Orbital Command  
  156  11:58  SCV  
  156  11:59  SCV  
  139  12:03  Command Center, Marine  
  139  12:04  Marine  
  137  12:09  Marine  
  137  12:10  SCV  
  137  12:15  SCV  
  140  12:28  Marine  
  138  12:31  SCV  
  138  12:32  Marine  
  138  12:33  Marine, SCV  
  138  12:34  Marine  
  138  12:35  Marine, SCV  
  136  12:41  Marine  
  136  12:42  Marine  
  136  12:43  SCV  
  139  12:44  Marine  
  139  12:46  Marine  
  139  12:50  Marine  
  142  12:53  Marine  
  142  12:56  Marine x3  
  142  12:58  SCV x2  
  129  12:59  Marine  
  129  13:00  Marine  
  129  13:02  Marine  
  129  13:04  Marine  
  125  13:07  Marine  
  125  13:09  SCV  
  125  13:10  SCV  
  125  13:11  Marine  
  129  13:13  Marine  
  129  13:15  Marine x2  
  129  13:17  Marine  
  125  13:21  Marine  
  125  13:22  Marine  
  125  13:24  SCV  
  128  13:35  Marine  
  127  13:41  Marine x4  
  127  13:48  Marine x4  
  125  13:50  SCV x2  
  130  13:58  Marine  
  130  13:59  Marine x3  
  120  14:06  Marine x3  
  110  14:13  Marine, SCV  
  79  14:17  Marine x2  
  79  14:19  SCV  
  68  14:24  Marine x3  
  68  14:30  Marine  
  62  14:35  Marine x2  
  54  14:42  Marine x3  
  50  14:48  Marine  
  46  14:53  Marine x2  
Tags
 
Add a new tag
Caveats
  • Supply blocks, unpowered buildings, or Contaminate may cause inaccurate times.
  • Supply counts are checked every 10 seconds.